| TOP OF THE 1ST |
|
Miami Beach Marlins batting - Pitching for Madison Brewers : RHP Ryan Powers
|
|
Pitching: RHP Ryan Powers
|
|
|
Batting: RHB Rafael Irizarry
|
0-0: Swinging Strike 0-1: Swinging Strike 0-2: Strikes out swinging
|
|
Batting: LHB Dong-u Chang
|
0-0: Ball 1-0: Called Strike 1-1: Ball 2-1: Swinging Strike 2-2: Foul Ball, location: 2F 2-2: Strikes out swinging
|
|
Batting: RHB David Martin
|
0-0: Ball 1-0: Ball 2-0: Fly out, F7 (Flyball, 7D, EV 103.1 MPH)
|
| Top of the 1st over - 0 runs, 0 hits, 0 errors, 0 left on base; Miami Beach 0 - Madison 0 |
| BOTTOM OF THE 1ST |
|
Madison Brewers batting - Pitching for Miami Beach Marlins : RHP Carlos Guerrero
|
|
Pitching: RHP Carlos Guerrero
|
|
|
Batting: RHB Lorenzo Diaz
|
0-0: Called Strike 0-1: Ball 1-1: Fly out, F7 (Flyball, 7LM, EV 90.6 MPH)
|
|
Batting: LHB Alex Chairez
|
0-0: SINGLE (Line Drive, 89S, EV 111.2 MPH)
|
|
Batting: LHB Steven Donovan
|
0-0: Foul Ball, location: 2F 0-1: SINGLE (Line Drive, 8LS, EV 88.1 MPH) Alex Chairez to second
|
|
Batting: LHB Dusty Bryant
|
0-0: Ball 1-0: Called Strike 1-1: Ball 2-1: Ball 3-1: Called Strike 3-2: Foul Ball, location: 2F 3-2: Fly out, F9 (Flyball, 9, EV 85.0 MPH)
|
|
Batting: RHB Steve Errico
|
0-0: Called Strike 0-1: Ball 1-1: Foul Ball, location: 2F 1-2: Ball 2-2: Strikes out looking
|
| Bottom of the 1st over - 0 runs, 2 hits, 0 errors, 2 left on base; Miami Beach 0 - Madison 0 |
| TOP OF THE 2ND |
|
Miami Beach Marlins batting - Pitching for Madison Brewers : RHP Ryan Powers
|
|
Batting: RHB Jordan Arcidez
|
0-0: Foul Ball, location: 2F 0-1: Ball 1-1: Ball 2-1: Foul Ball, location: 2F 2-2: Ball 3-2: Fly out, F4 (Line Drive, 4, EV 67.5 MPH)
|
|
Batting: RHB Mario Cota
|
0-0: Called Strike 0-1: Foul Ball, location: 2F 0-2: Strikes out swinging
|
|
Batting: RHB Manny Gonzalez
|
0-0: Ball 1-0: Ground out 6-3 (Groundball, P, EV 87.5 MPH)
|
| Top of the 2nd over - 0 runs, 0 hits, 0 errors, 0 left on base; Miami Beach 0 - Madison 0 |
| BOTTOM OF THE 2ND |
|
Madison Brewers batting - Pitching for Miami Beach Marlins : RHP Carlos Guerrero
|
|
Batting: RHB Xiao-shuang Au
|
0-0: Foul Ball, location: 2F 0-1: Ball 1-1: Swinging Strike 1-2: Strikes out looking
|
|
Batting: LHB Tony Hasbun
|
0-0: Foul Ball, location: 2F 0-1: Swinging Strike 0-2: Ball 1-2: Foul Ball, location: 2F 1-2: Strikes out swinging
|
|
Batting: LHB Jesus Huante
|
0-0: Called Strike 0-1: Called Strike 0-2: Ball 1-2: Ball 2-2: Strikes out looking
|
| Bottom of the 2nd over - 0 runs, 0 hits, 0 errors, 0 left on base; Miami Beach 0 - Madison 0 |
| TOP OF THE 3RD |
|
Miami Beach Marlins batting - Pitching for Madison Brewers : RHP Ryan Powers
|
|
Batting: RHB Clark Meagher
|
0-0: Fly out, F8 (Flyball, 8LM, EV 91.2 MPH)
|
|
Batting: RHB Melvin Nava
|
0-0: Ground out 6-3 (Groundball, 6, EV 83.8 MPH)
|
|
Batting: SHB Emmet Brickowski
|
0-0: Fly out, F9 (Line Drive, 9, EV 98.8 MPH)
|
| Top of the 3rd over - 0 runs, 0 hits, 0 errors, 0 left on base; Miami Beach 0 - Madison 0 |
| BOTTOM OF THE 3RD |
|
Madison Brewers batting - Pitching for Miami Beach Marlins : RHP Carlos Guerrero
|
|
Batting: RHB Malcolm McCauley
|
0-0: Ball 1-0: Ball 2-0: Fly out, F7 (Line Drive, 7LM, EV 86.2 MPH)
|
|
Batting: RHB Lorenzo Diaz
|
0-0: Called Strike 0-1: SINGLE (Line Drive, 8RS, EV 93.8 MPH)
|
|
Batting: LHB Alex Chairez
|
0-0: Ball 1-0: Called Strike 1-1: Called Strike 1-2: Ball 2-2: Foul Ball, location: 2F 2-2: Ball 3-2: Base on Balls Lorenzo Diaz to second
|
|
Batting: LHB Steven Donovan
|
0-0: Called Strike 0-1: Swinging Strike 0-2: Ball 1-2: Ball 2-2: Foul Ball, location: 2F 2-2: Grounds into double play, 6-4-3 (Groundball, 6, EV 88.1 MPH)
|
| Bottom of the 3rd over - 0 runs, 1 hit, 0 errors, 1 left on base; Miami Beach 0 - Madison 0 |
| TOP OF THE 4TH |
|
Miami Beach Marlins batting - Pitching for Madison Brewers : RHP Ryan Powers
|
|
Batting: RHB Rafael Irizarry
|
0-0: Ball 1-0: Ball 2-0: Swinging Strike 2-1: Swinging Strike 2-2: Fly out, F9 (Line Drive, 89M, EV 108.8 MPH)
|
|
Batting: LHB Dong-u Chang
|
0-0: Called Strike 0-1: Ball 1-1: Ball 2-1: Foul Ball, location: 2F 2-2: Foul Ball, location: 2F 2-2: Fly out, F7 (Line Drive, 78S, EV 95.0 MPH)
|
|
Batting: RHB David Martin
|
0-0: Called Strike 0-1: Ball 1-1: Ball 2-1: SINGLE (Line Drive, 6MD, EV 100.0 MPH)
|
|
Batting: RHB Jordan Arcidez
|
Pickoff Throw to First - Out! 1-3 CS
|
| Top of the 4th over - 0 runs, 1 hit, 0 errors, 0 left on base; Miami Beach 0 - Madison 0 |
| BOTTOM OF THE 4TH |
|
Madison Brewers batting - Pitching for Miami Beach Marlins : RHP Carlos Guerrero
|
|
Batting: LHB Dusty Bryant
|
0-0: Ball 1-0: Foul Ball, location: 2F 1-1: SOLO HOME RUN (Flyball, 9D, EV 100.6 MPH), Distance : 393 ft
|
|
Batting: RHB Steve Errico
|
0-0: Called Strike 0-1: Ball 1-1: Ball 2-1: Ground out 6-3 (Groundball, 6M, EV 104.4 MPH)
|
|
Batting: RHB Xiao-shuang Au
|
0-0: Ball 1-0: Swinging Strike 1-1: Swinging Strike 1-2: Fly out, F9 (Line Drive, 9S, EV 105.6 MPH)
|
|
Batting: LHB Tony Hasbun
|
0-0: Fly out, F7 (Line Drive, 7S, EV 90.6 MPH)
|
| Bottom of the 4th over - 1 run, 1 hit, 0 errors, 0 left on base; Miami Beach 0 - Madison 1 |
| TOP OF THE 5TH |
|
Miami Beach Marlins batting - Pitching for Madison Brewers : RHP Ryan Powers
|
|
Batting: RHB Jordan Arcidez
|
0-0: Ball 1-0: SINGLE (Groundball, 6D, EV 97.5 MPH)
|
|
Batting: RHB Mario Cota
|
0-0: Ball 1-0: Swinging Strike 1-1: Ball 2-1: Foul Ball, location: 2F 2-2: Foul Ball, location: 2F 2-2: Foul Ball, location: 2F 2-2: SINGLE (Line Drive, 8RS, EV 94.4 MPH) Jordan Arcidez to second
|
|
Batting: RHB Manny Gonzalez
|
0-0: Foul Ball, location: 2F 0-1: Fielders Choice at 2nd, 3-6 (Groundball, 34S, EV 91.2 MPH) Jordan Arcidez to third
|
|
Batting: RHB Clark Meagher
|
0-0: Called Strike 0-1: Ball 1-1: Swinging Strike 1-2: Ball 2-2: Ball 3-2: Foul Ball, location: 2F 3-2: Strikes out swinging
|
|
Batting: RHB Melvin Nava
|
0-0: Called Strike 0-1: Swinging Strike 0-2: Foul Ball, location: 2F 0-2: Ball 1-2: SINGLE (Groundball, 56D, EV 109.4 MPH) Jordan Arcidez scores Manny Gonzalez to second
|
|
Batting: SHB Emmet Brickowski
|
0-0: Swinging Strike 0-1: Ball 1-1: Ball 2-1: Called Strike 2-2: Fly out, F9 (Line Drive, 9, EV 87.5 MPH)
|
| Top of the 5th over - 1 run, 3 hits, 0 errors, 2 left on base; Miami Beach 1 - Madison 1 |
| BOTTOM OF THE 5TH |
|
Madison Brewers batting - Pitching for Miami Beach Marlins : RHP Carlos Guerrero
|
|
Batting: LHB Jesus Huante
|
0-0: Called Strike 0-1: Ball 1-1: SINGLE (Line Drive, 9LS, EV 91.9 MPH)
|
|
Batting: RHB Malcolm McCauley
|
0-0: Called Strike Balk! Jesus Huante to second 0-1: Called Strike 0-2: Ground out 6-3 (Groundball, 6M, EV 81.9 MPH) Jesus Huante to third
|
|
Batting: RHB Lorenzo Diaz
|
0-0: Ball 1-0: Foul Ball, location: 2F 1-1: Called Strike 1-2: Strikes out swinging
|
|
Batting: LHB Alex Chairez
|
0-0: Ball 1-0: Ball 2-0: Swinging Strike 2-1: Called Strike 2-2: Strikes out swinging
|
| Bottom of the 5th over - 0 runs, 1 hit, 0 errors, 1 left on base; Miami Beach 1 - Madison 1 |
| TOP OF THE 6TH |
|
Miami Beach Marlins batting - Pitching for Madison Brewers : RHP Ryan Powers
|
|
Batting: RHB Rafael Irizarry
|
0-0: Ball 1-0: Ground out 5-3 (Groundball, 56S, EV 71.2 MPH)
|
|
Batting: LHB Dong-u Chang
|
0-0: Fly out, F7 (Flyball, 7S, EV 92.5 MPH)
|
|
Batting: RHB David Martin
|
0-0: Ball 1-0: Fly out, F9 (Flyball, 9, EV 90.6 MPH)
|
| Top of the 6th over - 0 runs, 0 hits, 0 errors, 0 left on base; Miami Beach 1 - Madison 1 |
| BOTTOM OF THE 6TH |
|
Madison Brewers batting - Pitching for Miami Beach Marlins : RHP Carlos Guerrero
|
|
Batting: LHB Steven Donovan
|
0-0: Foul Ball, location: 2F 0-1: Foul Ball, location: 2F 0-2: Foul Ball, location: 2F 0-2: Ball 1-2: Ball 2-2: Ball 3-2: Fly out, F8 (Flyball, 8LD, EV 95.6 MPH)
|
|
Batting: LHB Dusty Bryant
|
0-0: Foul Ball, location: 2F 0-1: Swinging Strike 0-2: Foul Ball, location: 2F 0-2: Strikes out looking
|
|
Batting: RHB Steve Errico
|
0-0: Foul Ball, location: 2F 0-1: Called Strike 0-2: Ball 1-2: Foul Ball, location: 2F 1-2: Ball 2-2: Ball 3-2: Base on Balls
|
|
Batting: RHB Xiao-shuang Au
|
0-0: Ball Steve Errico steals 2nd base 1-0: Fly out, F8 (Flyball, 8LD, EV 100.6 MPH)
|
| Bottom of the 6th over - 0 runs, 0 hits, 0 errors, 1 left on base; Miami Beach 1 - Madison 1 |
| TOP OF THE 7TH |
|
Miami Beach Marlins batting - Pitching for Madison Brewers : RHP Ryan Powers
|
|
Batting: RHB Jordan Arcidez
|
0-0: Ball 1-0: Called Strike 1-1: Ball 2-1: Swinging Strike 2-2: Strikes out swinging
|
|
Batting: RHB Mario Cota
|
0-0: Hit by Pitch
|
|
Batting: RHB Manny Gonzalez
|
0-0: Ball 1-0: SINGLE (Line Drive, 78S, EV 88.8 MPH) Mario Cota to second
|
|
Batting: RHB Clark Meagher
|
0-0: Called Strike 0-1: Ball 1-1: Ball 2-1: Reached on error, E5 (Groundball, 56S, EV 75.6 MPH) Mario Cota to third Manny Gonzalez to second
|
|
Batting: RHB Melvin Nava
|
0-0: Called Strike 0-1: Foul Ball, location: 2F 0-2: Ball 1-2: Strikes out swinging
|
|
Batting: SHB Emmet Brickowski
|
0-0: Called Strike 0-1: GRAND SLAM HOME RUN (Flyball, 9D, EV 98.1 MPH), Distance : 388 ft
|
|
Batting: RHB Rafael Irizarry
|
0-0: Ball 1-0: Ball 2-0: SINGLE (Groundball, 25, EV 66.9 MPH) (infield hit)
|
|
Batting: LHB Dong-u Chang
|
0-0: Called Strike Rafael Irizarry steals 2nd base 0-1: Called Strike 0-2: Foul Ball, location: 2F 0-2: Fly out, F7 (Flyball, 78M, EV 93.1 MPH)
|
| Top of the 7th over - 4 runs, 3 hits, 1 error, 1 left on base; Miami Beach 5 - Madison 1 |
| BOTTOM OF THE 7TH |
|
Madison Brewers batting - Pitching for Miami Beach Marlins : RHP Carlos Guerrero
|
|
Batting: LHB Tony Hasbun
|
0-0: Fly out, F7 (Flyball, 7S, EV 90.0 MPH)
|
|
Batting: LHB Jesus Huante
|
0-0: Ball 1-0: Called Strike 1-1: SINGLE (Groundball, 25, EV 62.5 MPH) (infield hit)
|
|
Pinch Hitting: RHB Wiliama Dana
|
0-0: Foul Ball, location: 2F 0-1: Foul Ball, location: 2F 0-2: Strikes out swinging
|
|
Batting: RHB Lorenzo Diaz
|
0-0: Foul Ball, location: 2F 0-1: Swinging Strike 0-2: Foul Ball, location: 2F 0-2: SINGLE (Groundball, 6MD, EV 96.2 MPH) Jesus Huante to second Runner from 2nd tries for 3rd, SAFE, throw by CF made to third
|
|
Batting: LHB Alex Chairez
|
0-0: Swinging Strike 0-1: Foul Ball, location: 2F 0-2: Strikes out looking
|
| Bottom of the 7th over - 0 runs, 2 hits, 0 errors, 2 left on base; Miami Beach 5 - Madison 1 |
| TOP OF THE 8TH |
|
Miami Beach Marlins batting - Pitching for Madison Brewers : RHP Ryan Powers
|
|
Now in CF: Todd Massad
|
|
|
Batting: RHB David Martin
|
0-0: Ball 1-0: Called Strike 1-1: Ball 2-1: Foul Ball, location: 2F 2-2: Strikes out looking
|
|
Batting: RHB Jordan Arcidez
|
0-0: Swinging Strike 0-1: Ball 1-1: DOUBLE (Line Drive, 9LM, EV 108.1 MPH)
|
|
Batting: RHB Mario Cota
|
0-0: Foul Ball, location: 2F 0-1: Ball 1-1: Foul Ball, location: 2F 1-2: Foul Ball, location: 2F 1-2: Ground out 5-3 (Groundball, 5, EV 90.0 MPH)
|
|
Batting: RHB Manny Gonzalez
|
0-0: Ball 1-0: Ball 2-0: Swinging Strike 2-1: Foul Ball, location: 2F 2-2: Strikes out swinging
|
| Top of the 8th over - 0 runs, 1 hit, 0 errors, 1 left on base; Miami Beach 5 - Madison 1 |
| BOTTOM OF THE 8TH |
|
Madison Brewers batting - Pitching for Miami Beach Marlins : RHP Carlos Guerrero
|
|
Batting: LHB Steven Donovan
|
0-0: Called Strike 0-1: Fly out, F9 (Flyball, 9LS, EV 75.0 MPH)
|
|
Batting: LHB Dusty Bryant
|
0-0: Called Strike 0-1: Ball 1-1: Fly out, F8 (Flyball, 89M, EV 90.6 MPH)
|
|
Batting: RHB Steve Errico
|
0-0: SINGLE (Line Drive, 7S, EV 101.2 MPH)
|
|
Pitching: RHP Jamie Rappoport
|
|
|
Batting: RHB Xiao-shuang Au
|
0-0: Foul Ball, location: 2F 0-1: Foul Ball, location: 2F 0-2: Ball 1-2: SINGLE (Groundball, 34D, EV 96.9 MPH) Steve Errico to second Throwing error, E9 Steve Errico scores Xiao-shuang Au to second
|
|
Batting: LHB Tony Hasbun
|
0-0: Ball 1-0: Ball 2-0: Ball 3-0: Base on Balls
|
|
Batting: LHB Jesus Huante
|
0-0: SINGLE (Groundball, 15S, EV 64.4 MPH) (infield hit) Xiao-shuang Au to third Tony Hasbun to second
|
|
Pinch Hitting: LHB Greg Reedy
|
0-0: Called Strike 0-1: Foul Ball, location: 2F 0-2: Strikes out swinging
|
| Bottom of the 8th over - 1 run, 3 hits, 1 error, 3 left on base; Miami Beach 5 - Madison 2 |
| TOP OF THE 9TH |
|
Miami Beach Marlins batting - Pitching for Madison Brewers : RHP Ryan Powers
|
|
Now in CF: Mohammed bin Ubaida
|
|
|
Batting: RHB Clark Meagher
|
0-0: Ball 1-0: Foul Ball, location: 2F 1-1: Ball 2-1: Ball 3-1: Base on Balls
|
|
Batting: RHB Melvin Nava
|
0-0: Sac Bunt to 23 - play at first, batter OUT! 3-4 Clark Meagher to second
|
|
Batting: SHB Emmet Brickowski
|
0-0: Intentional Walk
|
|
Batting: RHB Rafael Irizarry
|
0-0: SINGLE (Flyball, 3D, EV 90.0 MPH) Clark Meagher to third Emmet Brickowski to second
|
|
Batting: LHB Dong-u Chang
|
0-0: Ball 1-0: Fly out, F9 (Flyball, 9LM, EV 99.4 MPH) Runner from 3rd tags up, SCORES, throw by RF Emmet Brickowski to third
|
|
Batting: RHB David Martin
|
0-0: Ball 1-0: Ball 2-0: Ball 3-0: Called Strike 3-1: Foul Ball, location: 2F 3-2: 3-RUN HOME RUN (Line Drive, 7D, EV 97.5 MPH), Distance : 374 ft
|
|
Pitching: LHP Jon Ortiz
|
|
|
Batting: RHB Jordan Arcidez
|
0-0: Ball 1-0: Ball 2-0: Called Strike 2-1: Ball 3-1: Called Strike 3-2: SINGLE (Line Drive, 8RS, EV 95.6 MPH)
|
|
Batting: RHB Mario Cota
|
0-0: Ball 1-0: Fly out, F8 (Flyball, 78D, EV 91.9 MPH)
|
| Top of the 9th over - 4 runs, 3 hits, 0 errors, 1 left on base; Miami Beach 9 - Madison 2 |
| BOTTOM OF THE 9TH |
|
Madison Brewers batting - Pitching for Miami Beach Marlins : RHP Jamie Rappoport
|
|
Batting: RHB Lorenzo Diaz
|
0-0: SOLO HOME RUN (Flyball, 7D, EV 98.1 MPH), Distance : 358 ft
|
|
Batting: LHB Alex Chairez
|
0-0: Ball 1-0: Ball 2-0: Called Strike 2-1: Ground out 4-3 (Groundball, 4, EV 81.2 MPH)
|
|
Batting: LHB Steven Donovan
|
0-0: Called Strike 0-1: Foul Ball, location: 2F 0-2: Ball 1-2: Foul Ball, location: 2F 1-2: Ground out 1-4-3 (Groundball, 15S, EV 100.6 MPH)
|
|
Batting: LHB Dusty Bryant
|
0-0: Called Strike 0-1: Ball 1-1: Foul Ball, location: 2F 1-2: Reached on error, E6 (Groundball, 6M, EV 100.6 MPH)
|
|
Pitching: LHP Hideo Komatsu
|
|
|
Batting: RHB Steve Errico
|
0-0: 2-RUN HOME RUN (Line Drive, 7LD, EV 96.2 MPH), Distance : 358 ft
|
|
Batting: RHB Xiao-shuang Au
|
0-0: Fly out, F8 (Flyball, 8RM, EV 83.1 MPH)
|
| Bottom of the 9th over - 3 runs, 2 hits, 1 error, 0 left on base; Miami Beach 9 - Madison 5 |
|